Map: [ESL] Ghost River

Players

MeomaikA - Winner!

  • Race: Zerg Zerg
  • Spawn Location: 1:00

Misaki

  • Race: Zerg Zerg
  • Spawn Location: 11:00

Event: ESL SC2 Masters 2024 Spring (Regional)

VOD

Have the link to the VOD?

Description

Time

  • Played on: April 17, 2024, 7:39 a.m.
  • Length: 4:41

All games in this series

Show
View Real Time Build Order
Export as new Build Order

MeomaikA Zerg - Winner!

Build Orders: Pool First 

Get SALT Encoding   

  12  0:00  Drone  
  13  0:12  Overlord  
  13  0:17  Drone  
  14  0:30  Drone  
  14  0:31  Drone  
  14  0:34  Drone  
  17  0:44  Spawning Pool  
  17  0:47  Drone  
  17  1:07  Hatchery  
  17  1:10  Drone  
  17  1:12  Extractor  
  17  1:15  Drone  
  17  1:31  Zergling x4, Queen  
  21  1:38  Drone  
  22  1:49  Overlord  
  22  2:06  Queen  
  22  2:07  Drone  
  25  2:11  Metabolic Boost, Drone  
  26  2:19  Drone  
  27  2:23  Drone  
  28  2:30  Drone  
  28  2:35  Drone, Queen  
  30  2:39  Zergling x2, Drone  
  30  2:40  Zergling x2  
  30  2:43  Zergling x2  
  34  2:46  Zergling x2  
  35  2:52  Overlord  
  35  2:59  Roach Warren  
  35  3:04  Overlord  
  34  3:06  Drone  
  34  3:08  Drone  
  36  3:13  Drone  
  37  3:20  Zergling x2  
  37  3:21  Zergling x6  
  37  3:23  Zergling x2  
  41  3:39  Roach x3  
  41  3:40  Roach  
  41  3:41  Roach  
  51  3:49  Overlord  
  51  3:51  Overlord  
  51  4:01  Drone  
  52  4:06  Zergling x2  
  52  4:07  Overlord  
  52  4:08  Overlord  
  52  4:09  Roach x2  
  56  4:10  Zergling x2  
  57  4:20  Roach x2  
  57  4:21  Roach  
Show
View Real Time Build Order
Export as new Build Order

Misaki Zerg 

Build Orders: Hatch First 

Get SALT Encoding   

  12  0:00  Drone  
  13  0:08  Drone  
  14  0:17  Overlord  
  14  0:35  Drone x2  
  16  0:40  Drone  
  17  0:51  Hatchery  
  17  0:55  Drone  
  17  0:58  Drone  
  18  1:09  Extractor  
  17  1:13  Spawning Pool  
  17  1:16  Drone  
  17  1:19  Drone  
  18  1:29  Drone  
  19  1:40  Drone  
  20  1:52  Drone  
  21  2:03  Queen  
  21  2:04  Drone x2, Queen  
  27  2:14  Overlord  
  27  2:15  Zergling x2, Metabolic Boost  
  28  2:21  Spore Crawler  
  27  2:27  Zergling x2  
  28  2:35  Drone x2  
  28  2:36  Drone  
  30  2:46  Zergling x2  
  30  2:50  Overlord  
  31  3:01  Hatchery  
  30  3:07  Overlord  
  29  3:13  Zergling x6  
  29  3:15  Drone  
  29  3:18  Drone x2  
  35  3:20  Drone  
  36  3:27  Overlord  
  36  3:35  Drone  
  36  3:36  Drone x2  
  36  3:38  Drone  
  39  3:42  Drone  
  39  3:44  Overlord  
  39  3:50  Roach Warren  
  39  3:52  Overlord  
  39  3:53  Drone  
  39  3:57  Zergling x2  
  39  3:58  Zergling x2  
  41  4:03  Zergling x2  
  41  4:04  Zergling x6  
  40  4:15  Evolution Chamber  
  39  4:17  Roach Warren  
  39  4:19  Zergling x2  
  39  4:20  Zergling x8  
Tags
 
Add a new tag
Caveats
  • Supply blocks, unpowered buildings, or Contaminate may cause inaccurate times.
  • Supply counts are checked every 10 seconds.